 Dungeon Crawl Stone Soup version 0.18-a0-1811-g3a71842 (webtiles) character file.

1316 Laan the Destroyer (level 8, 0/41 HPs)
             Began as a Deep Elf Wizard on Apr 27, 2016.
             Was an Initiate of Vehumet.
             Slain by an ogre
             ... wielding a +0 giant club
              (11 damage)
             ... on level 6 of the Dungeon.
             The game lasted 00:17:44 (6647 turns).

Laan the Destroyer (Deep Elf Wizard)                Turns: 6647, Time: 00:17:45

Health: 0/41       AC:  4    Str:  4    XL:     8   Next: 33%
Magic:  1/16       EV: 12    Int: 26    God:    Vehumet [......]
Gold:   256        SH:  0    Dex: 13    Spells: 2 memorised, 11 levels left

rFire  . . .     SeeInvis +     v - +1 dagger (pain)
rCold  . . .     Gourm    .     a - +0 robe
rNeg   . . .     Faith    .     (no shield)
rPois  .         Spirit   .     u - +0 helmet
rElec  .         Dismiss  .     (no cloak)
rCorr  .         Reflect  .     x - +0 pair of gloves
SustAt .         Harm     .     (no boots)
MR     .....                    (no amulet)
Stlth  ++........               (no ring)
                                w - ring of see invisible

@: not resistant to hostile enchantments, unstealthy
A: no striking features
a: Renounce Religion


You were on level 6 of the Dungeon.
You worshipped Vehumet.
Vehumet was noncommittal.
You were hungry.

You visited 2 branches of the dungeon, and saw 7 of its levels.

You collected 256 gold pieces.

Inventory:

Hand Weapons
 e - a +2 hand axe of distortion
 o - a +0 dagger
 q - a +0 scythe
 v - a +1 dagger of pain (weapon)
Armour
 a - a +0 robe (worn)
 p - a +0 buckler
 u - a +0 helmet (worn)
 x - a +0 pair of gloves (worn)
Jewellery
 w - a ring of see invisible (left hand)
Scrolls
 f - 2 scrolls of fog
 g - 4 scrolls of remove curse
 h - a scroll of blinking {unknown}
 i - 3 scrolls of identify
 r - a scroll of amnesia {unknown}
 t - a scroll of fear {unknown}
Potions
 j - 2 potions of curing
 k - 2 potions of brilliance {unknown}
 l - 2 potions of cure mutation {unknown}
 m - a potion of flight {unknown}
 z - a potion of cancellation {unknown}
Books
 c - a book of Minor Magic

   Spells                             Type                      Level
   a - Magic Dart                     Conjuration                  1
   b - Blink                          Translocation                2
   c - Call Imp                       Summoning                    2
   d - Repel Missiles                 Charms/Air                   2
   e - Slow                           Hexes                        2
   f - Conjure Flame                  Conjuration/Fire             3
   g - Mephitic Cloud                 Conjuration/Poison/Air       3
 s - a book of the Earth

   Spells                             Type                      Level
   a - Leda's Liquefaction            Hexes/Earth                  4
   b - Bolt of Magma                  Conjuration/Fire/Earth       5
   c - Statue Form                    Transmutation/Earth          6
   d - Iron Shot                      Conjuration/Earth            6
   e - Shatter                        Earth                        9
 y - a book of Air

   Spells                             Type                      Level
   a - Shock                          Conjuration/Air              1
   b - Swiftness                      Charms/Air                   2
   c - Repel Missiles                 Charms/Air                   2
   d - Static Discharge               Conjuration/Air              3
   e - Lightning Bolt                 Conjuration/Air              5
Comestibles
 b - 4 fruits
 d - 3 bread rations
 n - a meat ration


   Skills:
 - Level 2.4 Dodging
 - Level 2.4 Stealth
 - Level 4.4 Spellcasting
 + Level 11.0 Conjurations
   Level 1.1 Summonings
   Level 1.1 Translocations


You had 11 spell levels left.
You knew the following spells:

 Your Spells              Type           Power        Failure   Level  Hunger
a - Magic Dart            Conj           ####         1%          1    None
b - Mephitic Cloud        Conj/Pois/Air  ###.....     8%          3    ##.....


Dungeon Overview and Level Annotations

Branches:
Dungeon (6/15)             Temple (1/1) D:5

Altars:
Dithmenos
Fedhas
Nemelex Xobeh
Okawaru
Pakellas
Ru
Trog
Vehumet
Xom
The Shining One


Message History

Confirm with . or Enter, or press ? or * to list all spells.
Aiming: Magic Dart
Press: ? - help, Shift-Dir - straight line, f/p - ogre
Aim: an ogre, wielding a giant club (severely wounded)
The magic dart hits the ogre.
The ogre is severely wounded.
There is an escape hatch in the floor here.
You see here 26 arrows.
Casting: Magic Dart
Confirm with . or Enter, or press ? or * to list all spells.
Aiming: Magic Dart
Press: ? - help, Shift-Dir - straight line, f/p - ogre
Aim: an ogre, wielding a giant club (severely wounded)
The magic dart hits the ogre.
The ogre is severely wounded.
The ogre hits you with a giant club!
* * * LOW HITPOINT WARNING * * *
Drink which item? (? for menu, Esc to quit)
You feel better. The ogre hits you with a giant club!
You die...

#.......#.###########.^_^.
#.....................^^^.
#.#.....(.......#####.....
#†#.#'##........# ##.#.#
#.#...##........# #.#.#
#.##..##........# #....
#.##..###.####### #....
#.##..# #.# ##########....
#.##..# #@# #.............
#.###.###O###.########.###
#.# #..##.##....# #.#..
#.# #..##.##....# #.#(#
#.# #..##.##....# #.#.#
#.# #..##.##....# #...#
#.# #...#.##....########.#
#.# #.#.#>##..............
#.# #.#...##.....###......


You could see an ogre.

Vanquished Creatures
  Prince Ribbit (D:6)
  Sigmund (D:2)
  A black bear (D:6)
  A phantom (D:4)
  An ogre (D:6)
  A centaur (D:6)
  A giant frog (D:5)
  A crimson imp (D:5)
  2 hounds
  An orc priest (D:3)
  4 orc wizards
  Jessica (D:2)
  Natasha (thrice) (D:2)
  A worker ant (D:6)
  A worker ant zombie (D:6)
  Robin (D:4)
  6 adders
  2 oozes
  An adder skeleton (D:4)
  5 worms
  A dart slug (D:1)
  3 giant geckos
  16 orcs
  2 giant cockroaches
  19 goblins
  7 hobgoblins
  7 jackals
  A quokka (D:5)
  10 bats
  3 giant newts
  10 kobolds
  6 rats
121 creatures vanquished.

Notes
Turn   | Place    | Note
--------------------------------------------------------------
     0 | D:1      | Laan the Deep Elf Wizard began the quest for the Orb.
     0 | D:1      | Reached XP level 1. HP: 10/10 MP: 7/7
   220 | D:1      | Reached skill level 2 in Conjurations
   364 | D:1      | Reached XP level 2. HP: 15/15 MP: 5/9
   959 | D:1      | Reached skill level 3 in Conjurations
  1244 | D:2      | Reached XP level 3. HP: 18/19 MP: 0/10
  1384 | D:2      | Found a shimmering altar of Xom.
  1582 | D:2      | Reached skill level 4 in Conjurations
  1589 | D:2      | Reached XP level 4. HP: 24/24 MP: 3/12
  1803 | D:2      | Noticed Jessica
  1806 | D:2      | Killed Jessica
  1814 | D:2      | Noticed Sigmund
  2101 | D:1      | Learned a level 3 spell: Mephitic Cloud
  2190 | D:2      | Noticed Natasha
  2197 | D:2      | Killed Natasha
  2197 | D:2      | Reached skill level 5 in Conjurations
  2347 | D:2      | Noticed Natasha
  2351 | D:2      | Killed Natasha
  2351 | D:2      | Reached XP level 5. HP: 28/28 MP: 8/13
  2575 | D:2      | Noticed Natasha
  2582 | D:2      | Killed Natasha
  2715 | D:2      | Killed Sigmund
  2715 | D:2      | Reached skill level 7 in Conjurations
  2715 | D:2      | Reached XP level 6. HP: 8/32 MP: 2/14
  2999 | D:3      | Found a bloodstained altar of Trog.
  3766 | D:3      | Found a faded altar to an unknown god.
  4058 | D:4      | Noticed Robin
  4164 | D:4      | Killed Robin
  4223 | D:4      | Reached skill level 8 in Conjurations
  4223 | D:4      | Reached XP level 7. HP: 24/36 MP: 3/15
  4786 | D:5      | Entered Level 5 of the Dungeon
  5189 | D:5      | Found a staircase to the Ecumenical Temple.
  5195 | Temple   | Entered the Ecumenical Temple
  5203 | Temple   | Became a worshipper of Vehumet
  5307 | D:5      | Found an oddly glowing altar of Pakellas.
  5496 | D:5      | Reached skill level 9 in Conjurations
  6077 | D:6      | Noticed Prince Ribbit
  6086 | D:6      | Killed Prince Ribbit
  6086 | D:6      | Reached skill level 10 in Conjurations
  6086 | D:6      | Reached XP level 8. HP: 34/41 MP: 8/16
  6563 | D:6      | Found a shimmering altar of Xom.
  6607 | D:6      | Reached skill level 11 in Conjurations
  6647 | D:6      | Slain by an ogre

Vault maps used:
D:1:      saegor_arrival_simple_c
D:2:      lemuel_crystal_altar, uniq_sigmund, uniq_jessica, uniq_natasha
D:3:      nicolae_overflow_crystal_walls, ecumenical_altar_1
D:4:      first_bread, uniq_robin
D:5:      lemuel_round_altar, kennysheep_mini_moat, minmay_temple_entry_hall
D:6:      led_sif_pool, xom_teletrap_fun, uniq_prince_ribbit1, uniq_edmund
Temple:   circular_temple_12

Skill      XL: |  1  2  3  4  5  6  7  8 |
---------------+-------------------------+-----
Conjurations   | 2 3 4 5 7 8 10 11 | 11.0
Dodging        | |  2.4
Stealth        | |  2.4
Spellcasting   | |  4.4
Summonings     | |  1.1
Translocations | |  1.1

Action                   |  1- 3 |  4- 6 |  7- 9 || total
-------------------------+-------+-------+-------++-------
Melee: Unarmed           |     3 |       |       ||     3
       Dagger            |       |    26 |    21 ||    47
       Scythe            |       |     9 |       ||     9
 Cast: Magic Dart        |    86 |   131 |   153 ||   370
       Mephitic Cloud    |       |     7 |     7 ||    14
  Use: Potion            |       |     2 |     2 ||     4
       Scroll            |       |       |     4 ||     4
 Stab: Confused          |       |     2 |     2 ||     4
  Eat: Chunk             |     2 |     8 |     7 ||    17
Armor: Robe              |     3 |    17 |     4 ||    24
Dodge: Dodged            |    14 |    43 |    33 ||    90
